 Dungeon Crawl Stone Soup version 0.24-a0-537-g2d01d4ab0a (webtiles) character file.

Game seed: 6969691034051577555

288835 Aggronaut the Executioner (level 19, -20/188 HPs)
             Began as a Deep Dwarf Fighter on Aug 14, 2019.
             Was the Champion of Makhleb.
             Killed from afar by a deep elf annihilator (60 damage)
             ... with a crystal spear
             ... on level 3 of the Elven Halls.
             The game lasted 02:31:27 (34312 turns).

Aggronaut the Executioner (Deep Dwarf Fighter)     Turns: 34312, Time: 02:31:32

Health: -20/188    AC: 29    Str: 25    XL:     19   Next: 89%
Magic:  10/10      EV: 17    Int: 11    God:    Makhleb [******]
Gold:   449        SH: 14    Dex: 25    Spells: 32/32 levels left

rFire    x . .     SeeInvis +   D - +11 war axe of Compound Interest {flame, Dex+7}
rCold    + . .     Gourm    .   k - +2 buckler
rNeg     + + .     Faith    .   N - +1 chain mail of Eternal Vigilance {rF- MR+++ Regen+ Str+2}
rPois    +         Spirit   .   G - +2 helmet
rElec    .         Reflect  +   z - +2 cloak {MR+}
rCorr    .         Harm     .   s - +2 pair of gloves {Dex+3}
MR       +++++                  Y - +2 pair of boots of the Assassin {Detection Stab+ Stlth++}
Stlth    ++++++....             b - +4 amulet of reflection
HPRegen  0.00/turn              W - ring of Lynkimy {rPois rC+ rN+ AC+3}
MPRegen  0.12/turn              v - ring of see invisible

@: non-regenerating
A: damage resistance, heal wounds, negative energy resistance 1, sense
surroundings 3, no regeneration
}: 2/15 runes: decaying, gossamer
a: Heal Wounds, Minor Destruction, Lesser Servant of Makhleb, Major Destruction,
Greater Servant of Makhleb, Renounce Religion


You were on level 3 of the Elven Halls.
You worshipped Makhleb.
Makhleb was exalted by your worship.
You were hungry.

You visited 8 branches of the dungeon, and saw 36 of its levels.
You visited the Abyss 1 time.
You also visited: Sewer, Ice Cave and Desolation.

You collected 2693 gold pieces.
You spent 2244 gold pieces at shops.

Inventory:

Hand Weapons
 D - the +11 war axe of Compound Interest (weapon) {flame, Dex+7}
   (You bought it in a shop on level 2 of the Orcish Mines)

   It has been specially enchanted to burn those struck by it, causing extra
   injury to most foes and up to half again as much damage against particularly
   susceptible opponents.
   Big, fiery blades are also staple armaments of hydra-hunters.
   It affects your dexterity (+7).
 E - a +0 battleaxe of flaming
Armour
 k - a +2 buckler (worn)
 o - a +3 plate armour of fire resistance
 s - a +2 pair of gloves of dexterity (worn)
 z - a +2 cloak of magic resistance (worn)
 G - a +2 helmet (worn)
 N - the +1 chain mail of Eternal Vigilance (worn) {rF- MR+++ Regen+ Str+2}
   (You found it on level 5 of the Lair of Beasts)

   It affects your strength (+2).
   It makes you vulnerable to fire.
   It affects your resistance to hostile enchantments.
   It increases your rate of regeneration.
 Y - the +2 pair of boots of the Assassin (worn) {Detection Stab+ Stlth++}
   (You found it on level 2 of the Spider Nest)

   It makes you much more stealthy.
Jewellery
 b - a +4 amulet of reflection (around neck)
 l - the ring "Goguon" {rElec Str+4 Dex+3}
   (You found it in the Desolation of Salt)

   [ring of dexterity]

   It affects your strength (+4).
   It affects your dexterity (+3).
   It insulates you from electricity.
 v - a ring of see invisible (right hand)
 y - the ring "Udghinas" {rElec rCorr Dex+7}
   (You bought it in a shop on level 2 of the Orcish Mines)

   [ring of resist corrosion]

   It affects your dexterity (+7).
   It insulates you from electricity.
   It provides partial protection from all sources of acid and corrosion.
 F - an uncursed ring of protection from fire
 L - an uncursed amulet of rage
 O - an uncursed ring of flight
 T - an uncursed ring of protection from cold
 W - the ring of Lynkimy (left hand) {rPois rC+ rN+ AC+3}
   (You bought it in a shop on level 2 of the Orcish Mines)

   [ring of protection]

   It affects your AC (+3).
   It protects you from cold.
   It protects you from poison.
   It protects you from negative energy.
 Z - the ring "Yprum" {+Blink Str-5 Int+3 Dex+2}
   (You found it in the Desolation of Salt)

   [ring of intelligence]

   It affects your strength (-5).
   It affects your intelligence (+3).
   It affects your dexterity (+2).
   It lets you blink.
Wands
 q - a wand of acid (16)
 u - a wand of digging (5)
 B - a wand of flame (41)
 J - a wand of iceblast (66)
 U - a wand of paralysis (7)
 V - a wand of polymorph (12)
Scrolls
 a - 4 scrolls of enchant weapon
 c - a scroll of fear
 e - 5 scrolls of magic mapping
 g - 15 scrolls of teleportation
 j - 4 scrolls of fog
 x - 12 scrolls of remove curse
 C - 5 scrolls of enchant armour
 M - 5 scrolls of identify
 P - a scroll of blinking
 Q - a scroll of summoning
 R - a scroll of amnesia
Potions
 d - 7 potions of flight
 h - 6 potions of mutation
 m - 8 potions of ambrosia
 p - 17 potions of curing
 r - a potion of might
 t - 10 potions of brilliance
 w - 5 potions of heal wounds
 A - a potion of resistance
 H - 4 potions of lignification
 I - 2 potions of invisibility
 K - 2 potions of cancellation
 S - a potion of haste
 X - a potion of berserk rage
Comestibles
 f - 47 rations


   Skills:
 - Level 15.9 Fighting
 - Level 21.5 Axes
 - Level 10.0 Armour
 - Level 10.0 Dodging
 + Level 16.8 Stealth
 - Level 11.0 Shields
 - Level 7.4 Spellcasting
 - Level 14.2 Invocations


You had 32 spell levels left.
You didn't know any spells.
Your spell library contained the following spells:

 Spells                   Type           Power        Failure   Level  Hunger
 Animate Skeleton         Necr           N/A          63%         1    None
 Beastly Appendage        Tmut           #.....       63%         1    None
 Confusing Touch          Hex            #.....       63%         1    None
 Corona                   Hex            #......      63%         1    None
 Flame Tongue             Conj/Fire      #....        63%         1    None
 Freeze                   Ice            #...         63%         1    None
 Magic Dart               Conj           #...         63%         1    None
 Pain                     Necr           #...         63%         1    None
 Sting                    Conj/Pois      #...         63%         1    None
 Summon Small Mammal      Summ           #...         63%         1    None
 Call Imp                 Summ           #.......     77%         2    #......
 Corpse Rot               Necr           N/A          77%         2    #......
 Passwall                 Tmut/Erth      #.......     77%         2    #......
 Poisonous Vapours        Pois/Air       #.....       77%         2    #......
 Searing Ray              Conj           #.....       77%         2    #......
 Shroud of Golubria       Chrm/Tloc      #.....       77%         2    #......
 Slow                     Hex            #.......     77%         2    #......
 Sticks to Snakes         Tmut           #.......     77%         2    #......
 Sublimation of Blood     Necr           #.........   77%         2    #......
 Throw Flame              Conj/Fire      #.....       77%         2    #......
 Throw Frost              Conj/Ice       #.....       77%         2    #......
 Call Canine Familiar     Summ           #.......     94%         3    ###....
 Confuse                  Hex            #.......     94%         3    ###....
 Conjure Flame            Conj/Fire      #.......     94%         3    ###....
 Dazzling Spray           Conj/Hex       #.....       94%         3    ###....
 Gell's Gravitas          Tloc           #.........   94%         3    ###....
 Inner Flame              Hex/Fire       #.......     94%         3    ###....
 Mephitic Cloud           Conj/Pois/Air  #.......     94%         3    ###....
 Ozocubu's Armour         Chrm/Ice       #.......     94%         3    ###....
 Portal Projectile        Hex/Tloc       #.....       94%         3    ###....
 Recall                   Summ/Tloc      N/A          94%         3    ###....
 Spider Form              Tmut/Pois      #.........   94%         3    ###....
 Summon Guardian Golem    Hex/Summ       #.......     94%         3    ###....
 Vampiric Draining        Necr           #.........   94%         3    ###....
 Animate Dead             Necr           N/A          100%        4    ####...
 Cause Fear               Hex            #.........   100%        4    ####...
 Force Lance              Conj/Tloc      #.......     100%        4    ####...
 Fulminant Prism          Conj/Hex       #.........   100%        4    ####...
 Ice Form                 Ice/Tmut       #.......     100%        4    ####...
 Iskenderun's Mystic Bla  Conj           #.......     100%        4    ####...
 Leda's Liquefaction      Hex/Erth       #.........   100%        4    ####...
 Olgreb's Toxic Radiance  Pois           #.......     100%        4    ####...
 Petrify                  Tmut/Erth      #.......     100%        4    ####...
 Sticky Flame             Conj/Fire      #.......     100%        4    ####...
 Summon Ice Beast         Ice/Summ       #.......     100%        4    ####...
 Summon Lightning Spire   Summ/Air       #.......     100%        4    ####...
 Throw Icicle             Conj/Ice       #.......     100%        4    ####...
 Agony                    Necr           #.......     100%        5    ######.
 Aura of Abjuration       Summ           #.........   100%        5    ######.
 Blade Hands              Tmut           #.........   100%        5    ######.
 Bolt of Draining         Conj/Necr      #.........   100%        5    ######.
 Borgnjor's Vile Clutch   Necr/Erth      #.........   100%        5    ######.
 Dispel Undead            Necr           #.......     100%        5    ######.
 Excruciating Wounds      Chrm/Necr      #.........   100%        5    ######.
 Fireball                 Conj/Fire      #.........   100%        5    ######.
 Irradiate                Conj/Tmut      #.........   100%        5    ######.
 Metabolic Englaciation   Hex/Ice        #.........   100%        5    ######.
 Summon Demon             Summ           #.........   100%        5    ######.
 Summon Forest            Summ/Tloc      #.........   100%        5    ######.
 Summon Mana Viper        Hex/Summ       #.......     100%        5    ######.
 Venom Bolt               Conj/Pois      #.........   100%        5    ######.
 Yara's Violent Unravell  Hex/Tmut       #.........   100%        5    ######.
 Death Channel            Necr           #.........   100%        6    #######
 Hydra Form               Tmut           #.........   100%        6    #######
 Shadow Creatures         Summ           N/A          100%        6    #######
 Simulacrum               Ice/Necr       #.........   100%        6    #######
 Statue Form              Tmut/Erth      #........    100%        6    #######
 Dragon Form              Tmut           #.........   100%        7    #######


Dungeon Overview and Level Annotations

Branches:
Dungeon (15/15)            Temple (1/1) D:4            Lair (6/6) D:10
  Swamp (4/4) Lair:3       Spider (4/4) Lair:3        Slime (0/5) Lair:5
    Orc (2/2) D:10            Elf (3/3) Orc:2        Vaults (0/5) D:13
 Depths (1/5) D:15

Altars:
Ashenzari
Cheibriados
Dithmenos
Elyvilon
Fedhas
Gozag
Hepliaklqana
Kikubaaqudgha
Makhleb
Nemelex Xobeh
Okawaru
Qazlal
Ru
Sif Muna
Trog
Uskayaw
Vehumet
Wu Jian
Xom
Yredelemnul
Zin
The Shining One
Beogh

Shops:
D:7 (   Orc:2 [*(=   Elf:1 !


Innate Abilities, Weirdness & Mutations

You are resistant to damage.
You can heal yourself by infusing magical energy.
You resist negative energy. (rN+)
You passively map a large area around you.
You do not regenerate.


Message History

The +2 vampiric glaive is lightly damaged.
The deep elf mage gestures wildly while chanting.
The deep elf high priest mumbles some strange prayers.
You hit the +2 vampiric glaive.
The +2 vampiric glaive is lightly damaged.
The hell rat disappears in a puff of smoke!
You block the +2 vampiric glaive's attack.
The deep elf mage gestures wildly while chanting.
You slice the +2 vampiric glaive!! You burn the +2 vampiric glaive.
The +2 vampiric glaive falls from the air.
Makhleb accepts your kill.
Your life force feels restored.
The jumping spider leaps!
You hit the deep elf annihilator. You burn the deep elf annihilator.
The deep elf annihilator is severely wounded.
The deep elf mage mumbles some strange words.
The deep elf mage blinks!
The deep elf annihilator gestures at you while chanting.
The crystal spear hits you!!!
You die...

* ,
......###...... ,
, ,* , , ,
.....e.#.......
,,, ,, * ,
............... ,
,
,....s...r.3s...,
, ,,
....Y.s4Y4e.... ,
, , ,,
#..Y3YEY{{# , ,,,
*


#{eee{# * , ,, * , #e# * *,, ** * * #@# * ..#)# , #.#)#,* #.#)# # #.#(#.#
#ยง#.#(# ##.))).# #..))..# #..(.### You could see a deep elf annihilator, 2 deep
elf high priests, 3 deep elf magi, a sixfirhy, a fire elemental, a neqoxec, a
chaos spawn, a jumping spider, a red devil, a tarantella, a redback, 5 ice
beasts and a hell rat.

Vanquished Creatures
  Jorgrun (D:14)
  A tentacled monstrosity (Swamp:4)
  4 deep elf blademasters
  3 deep elf master archers (Elf:3)
  Asterion (Elf:1)
  2 thorn hunters
  Agnes (D:15)
  Kirke (Elf:1)
  Roxanne (Elf:1)
  An orc warlord (Orc:2)
  7 deep elf sorcerers
  4 ghost moths
  Aizul (Elf:1)
  2 deep elf elementalists (Elf:3)
  6 emperor scorpions (Spider:4)
  2 imperial myrmidons (Desolation)
  The ghost of Gexinoju the Grappler, a journeyman TrBe of Trog (Lair:5)
  An entropy weaver (Spider:3)
  A very ugly thing (Swamp:4)
  Nessos (Lair:4)
  2 deep elf demonologists (Elf:3)
  3 deep elf annihilators (Elf:3)
  Azrael (D:14)
  3 halazid warlocks (Desolation)
  2 dire elephants (Lair:3)
  Snorg (D:14)
  3 deep elf death magi
  2 crystal guardians (Desolation)
  2 green deaths (Swamp:4)
  11 ragged hierophants
  15 hydras
  A yaktaur captain (D:15)
  3 shambling mangroves
  7 servants of whispers (Desolation)
  A ghost crab (Swamp:2)
  2 vault guards (D:13)
  5 peacekeepers (Desolation)
  Erica (D:11)
  5 two-headed ogres
  A merfolk avatar (Lair:6)
  3 centaur warriors
  A death knight (D:15)
  14 alligators
  2 orc high priests (Orc:2)
  A tengu warrior (D:15)
  20 dancing weapons
  A death yak (Lair:2)
  3 thrashing horrors (Swamp:4)
  Nergalle (D:12)
  Sonja (Lair:4)
  17 deep elf knights
  5 swamp dragons (Swamp:4)
  A spriggan druid (Swamp:4)
  A harpy (Lair:6)
  9 deep elf archers
  An orc knight (Orc:2)
  A phantasmal warrior (D:15)
  3 ironbrand convokers (Desolation)
  6 necromancers
  36 deep elf magi
  13 orb spiders
  32 wolf spiders
  A manticore (shapeshifter) (D:13)
  16 ugly things
  5 orc sorcerers
  4 manticores
  16 elephants
  2 cyclopes
  3 guardian serpents (Desolation)
  A moth of wrath (Spider:3)
  6 black mambas
  3 torpor snails
  Psyche (D:9)
  An ice statue (IceCv)
  An orange demon (Swamp:4)
  9 komodo dragons
  18 spiny frogs
  A kobold demonologist (D:14)
  10 freezing wraiths (IceCv)
  A yaktaur (D:15)
  An efreet (D:13)
  6 rime drakes
  An ancient zyme (Lair:4)
  4 red devils (Elf:1)
  20 demonic crawlers
  5 trolls
  26 hornets
  A queen bee (D:8)
  9 tyrant leeches
  4 polar bears
  33 jumping spiders
  58 saltlings
  Grinder (D:3)
  24 blink frogs
  28 slime creatures
  10 hippogriffs
  9 dream sheep
  6 bog bodies
  5 spriggans
  5 air elementals
  68 redbacks
  3 large abominations
  3 shadows
  25 tarantellas
  3 water elementals
  A hog (Elf:1)
  2 wyverns
  4 wraiths
  35 yaks
  3 basilisks
  22 humans (D:13)
  3 hungry ghosts
  6 fire elementals
  A death yak simulacrum (IceCv)
  11 vampire mosquitoes
  Menkaure (D:4)
  3 small abominations
  4 wargs
  An acid dragon (D:13)
  3 insubstantial wisps (Lair:3)
  2 hell hounds (D:14)
  18 swamp worms
  14 water moccasins
  4 porcupines
  11 ice beasts
  36 orc warriors
  5 swamp drakes
  A sky beast (D:10)
  A black bear (D:6)
  An eye of draining (D:13)
  2 phantoms
  14 ogres
  14 wolves
  8 centaurs
  11 crocodiles
  2 big kobolds
  2 elf zombies (Elf:1)
  19 bullfrogs
  3 earth elementals
  A wyvern zombie (D:10)
  2 scorpions
  17 killer bees
  3 wights (D:13)
  8 electric eels
  2 howler monkeys
  A bullfrog zombie (D:5)
  5 crimson imps
  2 jellies
  A draconian simulacrum (IceCv)
  2 centaur zombies
  6 hounds
  3 bullfrog skeletons
  20 orc priests
  20 orc wizards
  A gnoll shaman (Orc:2)
  4 iguanas
  Natasha (thrice) (D:2)
  10 worker ants
  7 troll simulacra (IceCv)
  2 killer bee zombies
  2 spriggan simulacra (IceCv)
  3 wolf simulacra (IceCv)
  3 centaur simulacra (IceCv)
  2 hound zombies
  Robin (D:2)
  2 worker ant zombies
  11 gnolls
  4 naga simulacra (IceCv)
  12 adders
  3 ogre simulacra (IceCv)
  4 shadow imps
  12 white imps (IceCv)
  An ooze (D:3)
  2 adder zombies
  A worm (D:5)
  2 dart slugs
  9 leopard geckos
  95 orcs
  3 ball pythons
  15 bats
  17 giant cockroaches
  9 hobgoblins
  4 jackals
  16 kobolds
  8 quokkas
  4 frilled lizards
  17 goblins
  3 leopard gecko skeletons
  A quokka skeleton (D:5)
  6 rats
  7 briar patches (Swamp:4)
  3 crawling corpses (Elf:3)
  5 fungi
  3 plants
1420 creatures vanquished.

Vanquished Creatures (collateral kills)
  Bai Suzhen (Swamp:4)
  A ghost moth (Spider:4)
  An orc warlord (Orc:2)
  An orc high priest (Orc:2)
  2 orb spiders (Spider:4)
  2 wolf spiders (Spider:4)
  2 jumping spiders (Spider:4)
  A hornet (Spider:4)
  A redback (Spider:4)
  2 orc warriors (Orc:2)
  An orc wizard (Orc:2)
  An orc (Orc:2)
16 creatures vanquished.

Vanquished Creatures (others)
  A deep elf knight (Elf:3)
  An orange demon (Swamp:4)
  A saltling (Desolation)
  A redback (Spider:4)
  A hog (shapeshifter) (Elf:2)
  A water elemental (Elf:2)
  A wolf (Lair:4)
  A gnoll (Orc:2)
  4 briar patches (Swamp:3)
  11 fungi
  4 plants
  11 toadstools (Lair:3)
  2 withered plants (Lair:5)
40 creatures vanquished.

Grand Total: 1476 creatures vanquished

Notes
Turn   | Place    | Note
-------+----------+-------------------------------------------
     0 | D:1      | Aggronaut the Deep Dwarf Fighter began the quest for the
                  | Orb.
     0 | D:1      | Reached XP level 1. HP: 20/20 MP: 1/1
   167 | D:1      | Reached XP level 2. HP: 25/27 MP: 2/2
   391 | D:1      | Reached skill level 3 in Axes
  1076 | D:2      | Reached XP level 3. HP: 24/34 MP: 3/3
  1210 | D:2      | Noticed Robin
  1245 | D:2      | Killed Robin
  1553 | D:2      | Reached XP level 4. HP: 33/42 MP: 3/3
  1588 | D:2      | Noticed Natasha
  1594 | D:2      | Killed Natasha
  1594 | D:2      | Reached skill level 4 in Axes
  1627 | D:2      | Noticed a bullfrog
  1640 | D:2      | Killed a bullfrog
  1640 | D:2      | Reached XP level 5. HP: 23/49 MP: 4/4
  1690 | D:2      | Noticed Natasha
  1696 | D:2      | Killed Natasha
  1770 | D:2      | Noticed Natasha
  1781 | D:2      | Killed Natasha
  1858 | D:3      | Reached skill level 5 in Axes
  1938 | D:3      | Found a hazy altar of Hepliaklqana.
  2186 | D:3      | Noticed Grinder
  2200 | D:3      | Paralysed by Grinder for 7 turns
  2213 | D:3      | Killed Grinder
  2213 | D:3      | Reached skill level 5 in Armour
  2213 | D:3      | Reached XP level 6. HP: 43/57 MP: 4/4
  2851 | D:4      | Found a staircase to the Ecumenical Temple.
  2862 | D:4      | Reached skill level 6 in Axes
  2873 | Temple   | Entered the Ecumenical Temple
  2932 | Temple   | Became a worshipper of Makhleb the Destroyer
  2965 | D:4      | Reached XP level 7. HP: 48/64 MP: 5/5
  3006 | D:4      | Noticed Menkaure
  3020 | D:4      | Killed Menkaure
  3120 | D:4      | Reached skill level 7 in Axes
  3407 | D:4      | Found an opulent altar of Gozag.
  3587 | D:4      | Identified the +0 chain mail "Yqen" {Int+3}
  3699 | D:5      | Entered Level 5 of the Dungeon
  3764 | D:5      | Reached * piety under Makhleb
  3764 | D:5      | Reached skill level 5 in Fighting
  3847 | D:5      | Found a glowing silver altar of Zin.
  3847 | D:5      | Found a shattered altar of Ashenzari.
  3887 | D:5      | Found a white marble altar of Elyvilon.
  4094 | D:5      | Found a glowing drain.
  4104 | Sewer    | Entered a sewer
  4449 | Sewer    | Identified The Arcane Arts in Simple Steps
  4560 | D:5      | Reached skill level 8 in Axes
  4560 | D:5      | Reached XP level 8. HP: 72/74 MP: 6/6
  5128 | D:6      | Reached ** piety under Makhleb
  5639 | D:6      | Reached skill level 9 in Axes
  5819 | D:6      | Got a polished scale mail
  5830 | D:6      | Identified the +0 scale mail of a Thousand Seas {Int+5}
                  | (You found it on level 6 of the Dungeon)
  6006 | D:6      | Found an opulent altar of Gozag.
  6259 | D:7      | Found a hide-covered altar of Uskayaw.
  6389 | D:7      | Reached skill level 10 in Axes
  6532 | D:7      | Reached *** piety under Makhleb
  6532 | D:7      | Gained mutation: You passively map the area around you.
                  | [Deep Dwarf growth]
  6532 | D:7      | Reached XP level 9. HP: 82/85 MP: 5/5
  6754 | D:7      | Found Oceur's Weapon Emporium.
  7398 | D:8      | Found a basalt altar of Yredelemnul.
  7494 | D:8      | Reached skill level 11 in Axes
  7599 | D:8      | Noticed a queen bee
  7626 | D:8      | Killed a queen bee
  7626 | D:8      | Reached skill level 12 in Axes
  7806 | D:8      | Found a blossoming altar of Fedhas.
  7887 | D:8      | Reached **** piety under Makhleb
  8021 | D:8      | Found a white marble altar of Elyvilon.
  8193 | D:9      | Reached XP level 10. HP: 40/96 MP: 6/6
  8481 | D:9      | Noticed Psyche
  8488 | D:9      | Killed Psyche
  8943 | D:9      | Found a glowing golden altar of the Shining One.
  9075 | D:10     | Entered Level 10 of the Dungeon
  9078 | D:10     | Noticed a two-headed ogre
  9086 | D:10     | Killed a two-headed ogre
  9086 | D:10     | Reached skill level 13 in Axes
  9469 | D:10     | Found a staircase to the Lair.
  9614 | D:10     | Reached ***** piety under Makhleb
  9683 | D:10     | Found a staircase to the Orcish Mines.
 10300 | Lair:1   | Entered Level 1 of the Lair of Beasts
 10320 | Lair:1   | Noticed a black mamba
 10321 | Lair:1   | Reached XP level 11. HP: 101/104 MP: 5/5
 10347 | Lair:1   | Reached skill level 14 in Axes
 11385 | Lair:2   | Noticed a death yak
 11409 | Lair:2   | Killed a death yak
 11409 | Lair:2   | Reached skill level 15 in Axes
 11966 | Lair:3   | Reached skill level 10 in Fighting
 12022 | Lair:3   | Reached XP level 12. HP: 85/116 MP: 3/3
 12024 | Lair:3   | Reached skill level 1 in Dodging
 12193 | Lair:3   | Found a staircase to the Swamp.
 12195 | Lair:3   | Found a hole to the Spider Nest.
 12367 | Lair:3   | You fall into a shaft and drop 1 floor!
 12379 | Lair:4   | Noticed Nessos
 12438 | Lair:4   | Reached skill level 16 in Axes
 12607 | Lair:4   | Reached skill level 10 in Armour
 12672 | Lair:4   | Noticed Sonja
 12706 | Lair:4   | Noticed a catoblepas
 12717 | Lair:4   | HP: 5/116 [komodo dragon (14)]
 13188 | Lair:3   | Reached skill level 5 in Dodging
 13268 | Lair:3   | Noticed a seven-headed hydra
 13289 | Lair:3   | Killed an eight-headed hydra
 13372 | Lair:3   | Noticed a dire elephant
 13372 | Lair:3   | Noticed a dire elephant
 13392 | Lair:3   | Found a runed translucent door.
 13666 | D:11     | Noticed a two-headed ogre
 13673 | D:11     | Killed a two-headed ogre
 13673 | D:11     | Reached skill level 1 in Spellcasting
 13778 | D:11     | Noticed Erica
 13785 | D:11     | Killed Erica
 13785 | D:11     | Reached skill level 17 in Axes
 13931 | D:11     | Reached ****** piety under Makhleb
 14324 | D:12     | Reached XP level 13. HP: 96/123 MP: 2/2
 14674 | D:12     | Noticed Nergalle
 14680 | D:12     | Killed Nergalle
 15065 | D:13     | Found a frozen archway.
 15071 | IceCv    | Entered an ice cave
 15295 | IceCv    | Found an ancient bone altar of Kikubaaqudgha.
 15846 | D:13     | Reached skill level 5 in Spellcasting
 16180 | D:13     | Reached skill level 18 in Axes
 16550 | D:13     | Found a gate to the Vaults.
 17146 | Lair:3   | Killed a dire elephant
 17166 | Lair:3   | Killed a dire elephant
 17318 | Lair:4   | Cast into level 1 of the Abyss (Sonja)
 17397 | Lair:4   | Escaped the Abyss
 17419 | Lair:4   | Killed Sonja
 17419 | Lair:4   | Gained mutation: You resist negative energy. (rN+) [Deep
                  | Dwarf growth]
 17419 | Lair:4   | Reached XP level 14. HP: 93/132 MP: 7/7
 17926 | Lair:4   | Killed Nessos
 18019 | Lair:5   | Reached skill level 1 in Invocations
 18227 | Lair:5   | Reached skill level 19 in Axes
 18415 | Lair:5   | Found a runed translucent door.
 18418 | Lair:5   | Noticed Gexinoju's ghost (journeyman TrBe)
 18580 | Lair:5   | Found a staircase to the Slime Pits.
 18861 | Lair:5   | Identified a scroll of acquirement
 18959 | Lair:5   | Killed Gexinoju's ghost
 19014 | Lair:6   | Entered Level 6 of the Lair of Beasts
 19166 | Lair:6   | Reached skill level 5 in Invocations
 20045 | Lair:6   | Paralysed by a hornet for 1 turns
 20356 | Lair:5   | Got a steaming chain mail
 20367 | Lair:5   | Identified the cursed +1 chain mail of Eternal Vigilance
                  | {rF- MR+++ Regen+ Str+2} (You found it on level 5 of the
                  | Lair of Beasts)
 20496 | Orc:1    | Entered Level 1 of the Orcish Mines
 20637 | Orc:1    | Found a roughly hewn altar of Beogh.
 20885 | Orc:2    | Entered Level 2 of the Orcish Mines
 20885 | Orc:2    | Found Firututo's Jewellery Shoppe.
 20885 | Orc:2    | Noticed an orc warlord
 20972 | Orc:2    | Found Rynoatua's Antique Armour Emporium.
 21021 | Orc:2    | Found a staircase to the Elven Halls.
 21230 | Orc:2    | Reached XP level 15. HP: 138/138 MP: 9/9
 21249 | Orc:2    | Found a roughly hewn altar of Beogh.
 21269 | Orc:2    | Found Buethiofot's Antique Weapon Shop.
 21283 | Orc:2    | Noticed an orc warlord
 21350 | Orc:2    | Reached skill level 20 in Axes
 21351 | Orc:2    | Killed an orc warlord
 21391 | Orc:2    | Found Jyasodgh's General Store.
 21424 | Orc:2    | Bought 3 scrolls of brand weapon for 660 gold pieces
 21583 | Orc:2    | Killed an orc warlord
 21664 | Orc:2    | Bought the ring "Udghinas" {rElec rCorr Dex+7} for 584 gold
                  | pieces
 22146 | D:14     | Noticed Jorgrun
 22173 | D:14     | Killed Jorgrun
 22213 | D:14     | Noticed Azrael
 22235 | D:14     | Killed Azrael
 22438 | D:14     | Noticed Snorg
 22447 | D:14     | Killed Snorg
 22447 | D:14     | Reached skill level 10 in Dodging
 22528 | D:14     | Reached skill level 10 in Invocations
 22556 | D:14     | Got a fabulously ornate robe
 22702 | D:14     | Identified the +4 robe of Ashenzari's Favour {*Slow Regen+
                  | MP+9 Str+2} (You found it on level 14 of the Dungeon)
 22731 | D:15     | Entered Level 15 of the Dungeon
 23259 | D:15     | Noticed Agnes
 23275 | D:15     | Killed Agnes
 23759 | D:15     | Found a staircase to the Depths.
 24180 | Depths:1 | Entered Level 1 of the Depths
 24535 | Orc:2    | Bought the ring of Lynkimy {rPois rC+ rN+ AC+3} for 520
                  | gold pieces
 24644 | Swamp:1  | Entered Level 1 of the Swamp
 25335 | Swamp:2  | Found a hazy altar of Hepliaklqana.
 25614 | Swamp:2  | Got a pair of scorched gloves
 25625 | Swamp:2  | Identified the -1 pair of gloves of the Moon Troll {MR+}
                  | (You acquired it on level 2 of the Swamp)
 25772 | Swamp:2  | Reached XP level 16. HP: 150/150 MP: 7/7
 26457 | Swamp:3  | Noticed a thorn hunter
 26487 | Swamp:3  | Killed a thorn hunter
 26680 | Swamp:4  | Entered Level 4 of the Swamp
 26737 | Swamp:4  | Noticed Bai Suzhen
 26781 | Swamp:4  | Killed Bai Suzhen
 26792 | Swamp:4  | Noticed a thorn hunter
 26809 | Swamp:4  | Killed a thorn hunter
 27395 | Swamp:4  | Noticed a tentacled monstrosity
 27415 | Swamp:4  | Killed a tentacled monstrosity
 27457 | Swamp:4  | Reached XP level 17. HP: 148/168 MP: 8/8
 27535 | Swamp:4  | Got a decaying rune of Zot
 27773 | Spider:1 | Entered Level 1 of the Spider Nest
 27938 | Spider:1 | Reached skill level 15 in Fighting
 28784 | Spider:2 | Found the +2 pair of boots of the Assassin {Detection Stab+
                  | Stlth++}
 29171 | Spider:3 | Reached skill level 1 in Stealth
 29672 | Spider:4 | Entered Level 4 of the Spider Nest
 29999 | Spider:4 | Reached skill level 5 in Stealth
 30244 | Spider:4 | Gained mutation: You passively map a large area around you.
                  | [Deep Dwarf growth]
 30244 | Spider:4 | Reached XP level 18. HP: 181/181 MP: 9/9
 30280 | Spider:4 | Reached skill level 21 in Axes
 30565 | Spider:4 | Got a gossamer rune of Zot
 30906 | Orc:2    | Bought a bloodstained war axe for 255 gold pieces
 30906 | Orc:2    | Identified the +11 war axe of Compound Interest {flame,
                  | Dex+7} (You bought it in a shop on level 2 of the Orcish
                  | Mines)
 31308 | Elf:1    | Entered Level 1 of the Elven Halls
 31527 | Elf:1    | Identified the Tome of Sinister Rituals
 31561 | Elf:1    | Noticed Roxanne
 31589 | Elf:1    | Killed Roxanne
 31968 | Elf:1    | Noticed Asterion
 31990 | Elf:1    | Killed Asterion
 32154 | Elf:1    | Noticed Kirke
 32163 | Elf:1    | Killed Kirke
 32204 | Elf:1    | Noticed Aizul
 32215 | Elf:1    | Killed Aizul
 32242 | Elf:1    | Found Pinesu's Distillery.
 32250 | Elf:1    | Bought a potion of heal wounds for 75 gold pieces
 32250 | Elf:1    | Bought a potion of heal wounds for 75 gold pieces
 32250 | Elf:1    | Bought a potion of heal wounds for 75 gold pieces
 32331 | Elf:2    | Found a ruined gateway.
 32349 | Elf:2    | Reached skill level 5 in Shields
 32380 | Desolati | Entered the Desolation of Salt
 32403 | Desolati | Reached skill level 10 in Stealth
 32487 | Desolati | Got a smoking wooden ring
 32491 | Desolati | Identified the ring "Yprum" {+Blink Str-5 Int+3 Dex+2} (You
                  | found it in the Desolation of Salt)
 32834 | Desolati | Got a twitching steel ring
 32835 | Desolati | Identified the ring "Goguon" {rElec Str+4 Dex+3} (You found
                  | it in the Desolation of Salt)
 32939 | Desolati | Reached XP level 19. HP: 188/188 MP: 10/10
 32944 | Desolati | Found the +8 whip "Snakebite" {curare, rPois}
 32946 | Desolati | Got a faintly humming leather armour
 32947 | Desolati | Identified the cursed +1 leather armour "Biur" {Str+2} (You
                  | found it in the Desolation of Salt)
 33561 | Elf:2    | Reached skill level 10 in Shields
 33774 | Elf:2    | Found a runed translucent gate.
 33774 | Elf:2    | Found a runed translucent gate.
 33774 | Elf:2    | Found a runed translucent gate.
 33972 | Elf:3    | Entered Level 3 of the Elven Halls
 34166 | Elf:3    | Reached skill level 15 in Stealth
 34176 | Elf:3    | Identified the +4 long sword of Absolution {flame, rF+ MR+
                  | Str-4 Stlth+}
 34312 | Elf:3    | Killed from afar by a deep elf annihilator

Levels and vault maps discovered:
D:1:      saegor_arrival_under_anarchy, layout_basic, nrook_loot_triangle
D:2:      layout_rooms, minmay_divided_ellipse, uniq_natasha, uniq_robin
D:3:      layout_basic, nicolae_overflow_crystal_walls, uniq_grinder
D:4:      cheibrodos_thug_alley, layout_basic, lemuel_crystal_altar,
          minmay_temple_entry_large_hall, first_ration, uniq_menkaure
D:5:      layout_loops_cross, gammafunk_temple_overflow_elements, basic_altar,
          cheibrodos_sewer_entry_bend
D:6:      layout_rooms, minivault_14, kennysheep_flooded_box, minmay_misc_feat_x
D:7:      layout_loops_ring, marbit_many_paths, serial_shops,
          kennysheep_mini_moat
D:8:      layout_rooms, lemuel_doored_altar, kennysheep_ying_yang,
          david_nohive_1
D:9:      layout_irregular_city, tso_oasis_becter, uniq_psyche
D:10:     layout_stronghold, erik_lair_orcish_takeover, david_orc_4, minivault_4
D:11:     layout_loops_ring, uniq_erica
D:12:     layout_long_grid, uniq_nergalle
D:13:     layout_basic, grunt_vaults_entry_tiered,
          portal_ice_cave_entry_pillars_1
D:14:     layout_cross, kennysheep_nondescript, palyth_stone_intersect,
          minmay_holes, uniq_jorgrun, uniq_azrael, uniq_snorg
D:15:     grunt_enter_depths_snipers, layout_loops_corners,
          minmay_misc_feat_encased, uniq_agnes
Temple:   cyrus_circular_temple
Lair:1:   layout_concentric_octagons
Lair:2:   layout_loops_ring, nicolae_quartered_pool_super, fungi_pond_lemuel,
          grunt_megastairs_1
Lair:3:   gammafunk_lair_enchanted_lake, layout_hall_layers,
          minmay_swamp_entry_wisps, spider_nest_entry_funnel_web
Lair:4:   layout_regular_city, kennysheep_catoblepas_arena, uniq_sonja,
          uniq_nessos
Lair:5:   beast_lair_carwin_large_1, layout_concentric_octagons, slime_dummy,
          gammafunk_ghost_grave, chequers_serial_rivers_room_b, minivault_26,
          chequers_serial_rivers_marsh, st_stairs_5
Lair:6:   gammafunk_lair_ancient_temple, layout_cave_shapes
Swamp:1:  layout_basic_swamp, evilmike_swamp_ruin_house_1
Swamp:2:  layout_basic_swamp, lemuel_altar_in_water, swamp_pool3
Swamp:3:  layout_basic_swamp, evilmike_swamp_ruin_rubble_2, swamp_pool5
Swamp:4:  swamp_vile, layout_basic_swamp, swamp_pool1, uniq_bai_suzhen
Spider:1: layout_spider_delve
Spider:2: layout_spider_delve
Spider:3: layout_spider_delve
Spider:4: guppyfry_spider_rune
Orc:1:    layout_diamond_mine, basic_altar
Orc:2:    grunt_orc_gardens, layout_caves, grunt_orc_garden, grunt_orc_garden,
          grunt_orc_garden, grunt_orc_garden, lemuel_statue_altar
Elf:1:    eino_elf_arrival_sip, layout_loops_corners, serial_shops, shop,
          minmay_elf_necromancy, hex_large,
          nicolae_elf_glass_and_crystal_pillar_1,
          einodemon_armed_red_devil_minivault, uniq_asterion, uniq_kirke,
          uniq_aizul, uniq_roxanne
Elf:2:    layout_geoelf_grid, portal_desolation_entry_salt
Elf:3:    minmay_elf_hall, layout_geoelf_octagon
Depths:1: minmay_tearing_corner, layout_cave_pools, rand_demon_pan_entry_7,
          abyss_entry_small_statue_room, hell_entry, kennysheep_donut,
          nicolae_ashenzari_panopticon

Skill      XL: |  1  2  3  4  5  6  7  8  9 10 11 12 13 14 15 16 17 18 19 |
---------------+----------------------------------------------------------+-----
Axes           | 3 4 5 6 8 10 12 13 15 17 18 19 20 21 | 21.5
Fighting       | 3 4 5 6 7 8 10 11 14 15 | 15.9
Armour         | 4 5 7 9 10 | 10.0
Dodging        | 5 8 10 | 10.0
Spellcasting   | 2 7 |  7.4
Invocations    | 7 12 14 | 14.2
Stealth        | 6 12 16 | 16.8
Shields        | 8 11 | 11.0

Action                   |  1- 3 |  4- 6 |  7- 9 | 10-12 | 13-15 | 16-18 | 19-21 || total
-------------------------+-------+-------+-------+-------+-------+-------+-------++-------
Melee: War axe           |   132 |   110 |   496 |   814 |       |   339 |   344 ||  2235
       Battleaxe         |       |       |       |    18 |   435 |  1105 |       ||  1558
       Broad axe         |       |       |       |     9 |   972 |       |       ||   981
Invok: Lesser Servant of |       |       |       |     3 |     4 |       |       ||     7
       Major Destruction |       |       |       |     1 |       |     2 |     3 ||     6
       Greater Servant o |       |       |       |       |       |     2 |       ||     2
 Abil: Heal Wounds       |     1 |     2 |    14 |    19 |    17 |     7 |       ||    60
Evoke: Wand              |       |       |       |     5 |     2 |     5 |       ||    12
  Use: Scroll            |       |     3 |     9 |    14 |    21 |     9 |     1 ||    57
       Potion            |       |     1 |     3 |     6 |     2 |       |       ||    12
 Stab: Distracted        |       |       |       |       |     3 |     4 |     2 ||     9
       Confused          |       |       |       |       |     2 |     8 |       ||    10
       Sleeping          |       |       |       |       |       |    14 |     7 ||    21
  Eat: Chunk             |     2 |     4 |    11 |    13 |    24 |    19 |     4 ||    77
       Ration            |       |     1 |     1 |     3 |     4 |     2 |       ||    11
Armor: Scale mail        |    38 |       |   143 |   454 |   433 |       |       ||  1068
       Leather armour    |    47 |    63 |   108 |       |       |       |       ||   218
       Chain mail        |       |       |       |       |    50 |   115 |   103 ||   268
       Plate armour      |       |       |       |       |   237 |  1040 |       ||  1277
       Swamp dragon scal |       |       |       |       |       |    73 |       ||    73
Dodge: Dodged            |   108 |    84 |   292 |   428 |   764 |  1151 |   129 ||  2956
Block: Other             |       |       |       |   118 |   222 |   254 |       ||   594
       Reflection        |       |       |       |     7 |     6 |     7 |    11 ||    31
       Buckler           |       |       |       |       |       |   215 |   198 ||   413

Table legend:
 A = Non-vault XP
 B = Vault XP
 C = Vault XP percentage of total XP
 D = Non-vault monster count
 E = Vault monster count
 F = Vault count percentage of total count
                 A         B        C        D         E       F
            +---------+---------+-------+---------+---------+-------
      Total |  231168 |  233420 |  50.2 |     915 |     507 |  35.7
            +---------+---------+-------+---------+---------+-------
        D:1 |      34 |       0 |   0.0 |      21 |       0 |   0.0
        D:2 |      92 |     186 |  66.9 |      15 |      24 |  61.5
        D:3 |      48 |     272 |  85.0 |      17 |       1 |   5.6
        D:4 |     220 |     284 |  56.3 |      14 |      12 |  46.2
        D:5 |     369 |       5 |   1.3 |      19 |       1 |   5.0
        D:6 |     886 |       0 |   0.0 |      23 |       0 |   0.0
        D:7 |     619 |       2 |   0.3 |      21 |       1 |   4.5
        D:8 |    1047 |    1162 |  52.6 |      22 |      15 |  40.5
        D:9 |    1779 |     418 |  19.0 |      31 |       1 |   3.1
       D:10 |    2163 |    1283 |  37.2 |      20 |      23 |  53.5
       D:11 |    3203 |     944 |  22.8 |      32 |       1 |   3.0
       D:12 |    3654 |     804 |  18.0 |      24 |       1 |   4.0
       D:13 |    4894 |    6901 |  58.5 |      27 |      25 |  48.1
       D:14 |    8314 |    6748 |  44.8 |      17 |      10 |  37.0
       D:15 |    7656 |    4641 |  37.7 |      23 |       4 |  14.8
     Lair:1 |    4855 |       0 |   0.0 |      21 |       0 |   0.0
     Lair:2 |    3552 |    1687 |  32.2 |      19 |       3 |  13.6
     Lair:3 |    5326 |    6570 |  55.2 |      20 |      15 |  42.9
     Lair:4 |    6558 |    1959 |  23.0 |      31 |       2 |   6.1
     Lair:5 |    6287 |    6186 |  49.6 |      25 |      11 |  30.6
     Lair:6 |    8771 |    9845 |  52.9 |      37 |      26 |  41.3
    Swamp:1 |    7449 |       0 |   0.0 |      19 |       0 |   0.0
    Swamp:2 |    8904 |       0 |   0.0 |      27 |       0 |   0.0
    Swamp:3 |   17994 |       0 |   0.0 |      32 |       0 |   0.0
    Swamp:4 |   18099 |   24866 |  57.9 |      45 |      29 |  39.2
   Spider:1 |   19295 |       0 |   0.0 |      63 |       0 |   0.0
   Spider:2 |   15482 |       0 |   0.0 |      47 |       0 |   0.0
   Spider:3 |   15366 |       0 |   0.0 |      39 |       0 |   0.0
   Spider:4 |   10780 |   24397 |  69.4 |      27 |      45 |  62.5
      Orc:1 |     989 |     130 |  11.6 |      16 |       1 |   5.9
      Orc:2 |    4036 |    8165 |  66.9 |      50 |      26 |  34.2
      Elf:1 |    7252 |   14855 |  67.2 |      11 |      20 |  64.5
      Elf:2 |   18224 |   25033 |  57.9 |      33 |      32 |  49.2
      Elf:3 |   16971 |   30583 |  64.3 |      27 |      18 |  40.0
      Sewer |       0 |      44 | 100.0 |       0 |      16 | 100.0
      IceCv |       0 |    6036 | 100.0 |       0 |      54 | 100.0
 Desolation |       0 |   49414 | 100.0 |       0 |      90 | 100.0
            +---------+---------+-------+---------+---------+-------
